 Dungeon Crawl Stone Soup version 0.29-a0-330-g52719c12eb (webtiles) character file.

Game seed: 5945012573842546953

60 Ge0ff the Cutter (level 3, -3/25 HPs)
             Began as a Vampire Fighter on Apr 12, 2022.
             Slain by Crazy Yiuf
             ... wielding a +3 quarterstaff of chaos
              (14 damage)
             ... on level 2 of the Dungeon.
             The game lasted 00:06:38 (2397 turns).

Ge0ff the Cutter (Vampire Fighter)                  Turns: 2397, Time: 00:06:39

Health: -3/25      AC:  8    Str: 13 (15) XL:     3   Next: 80%
Magic:  0/3        EV:  8    Int:  8 (10) God:
Gold:   67         SH:  4    Dex: 13 (15) Spells: 2/2 levels left

rFire   . . .      SeeInvis +   a - +1 dagger (venom)
rCold   . . .      Faith    .   c - +0 buckler
rNeg    . . .      Spirit   .   N - +0 scale mail
rPois   .          Reflect  .   W - +0 helmet
rElec   .          Harm     .   (no cloak)
rCorr   .          Rampage  .   X - +0 pair of gloves
Will    .....                   (no boots)
Stlth   ..........              (no amulet)
HPRegen 0.28/turn               (no ring)
MPRegen 0.08/turn               (no ring)

@: healing quickly
A: alive, fangs 3, see invisible, vampiric 2, [frail 1]
a: Exsanguinate


You were on level 2 of the Dungeon.
You visited 1 branch of the dungeon, and saw 4 of its levels.

You collected 157 gold pieces.
You spent 90 gold pieces at shops.

Inventory:

Hand Weapons
 a - a +1 dagger of venom (weapon)
 b - a +0 rapier
 Z - the +4 short sword "Mangyr" {flame, *Slow rC+++ rN+}
   (You found it on level 3 of the Dungeon)

   It burns those it strikes, dealing additional fire damage.
   rC:        It renders you almost immune to cold.
   rN:        It protects you from negative energy.
   *Slow:     It may slow you when you take damage.
Missiles
 F - 6 boomerangs (quivered)
 G - 12 poisoned darts
Armour
 c - a +0 buckler (worn)
 I - a +0 plate armour
 N - a +0 scale mail (worn)
 V - a scarf of invisibility
 W - a +0 helmet (worn)
 X - a +0 pair of gloves (worn)
Wands
 s - a wand of mindburst (15)
Scrolls
 H - a scroll of enchant weapon {unknown}
 Q - a scroll of enchant armour {unknown}
 S - a scroll of summoning
 T - 2 scrolls of teleportation
 Y - a scroll of immolation {unknown}
Potions
 o - 2 potions of ambrosia
 q - a potion of curing
 z - 2 potions of brilliance
 J - a potion of degeneration {unknown}
 K - a potion of attraction {unknown}
 L - a potion of mutation {unknown}
 M - a potion of might
 O - a potion of lignification {unknown}
 P - 2 potions of heal wounds {unknown}
 R - a potion of flight {unknown}
 U - a potion of invisibility {unknown}


   Skills:
 - Level 2.6 Fighting
 + Level 4.4 Short Blades
 + Level 2.4 Armour
 - Level 1.0 Dodging
 + Level 2.7 Shields


You had 2 spell levels left.
You didn't know any spells.
Your spell library was empty.

Dungeon Overview and Level Annotations

Branches:
Dungeon (4/15)             Temple (0/1) D:4

Altars:
Zin

Annotations:
D:2 Crazy Yiuf


Innate Abilities, Weirdness & Mutations

Your natural rate of healing is accelerated.
You have razor-sharp teeth.
You have supernaturally acute eyesight. (SInv)
You are afflicted with vampirism and can become a bat while bloodless.
[You are frail. (-10% HP)]


Message History

An orc is nearby!
Found a scroll of summoning.
You hit the orc.
The orc is poisoned.
The orc is heavily wounded.
You barely miss the orc. You bite the orc, but do no damage.
The orc is heavily wounded.
The orc hits you with a +0 morningstar.
You closely miss the orc.
The orc is almost dead.
The orc hits you with a +0 morningstar.
You barely miss the orc.
The orc is almost dead.
The orc hits you but does no damage.
You hit the orc.
You kill the orc!
Things that are here:
a +0 morningstar; an orc corpse You start resting.
HP restored.
Found a stone staircase leading up.
S - 2 scrolls of summoning (gained 1)
Found a staircase to the Ecumenical Temple.
(D) Dungeon (T) Temple
Where to? (Enter - D:4, ? - help)
Okay, then.
(D) Dungeon (T) Temple
Where to? (Enter - D:4, ? - help)
What level of the Dungeon? (default 1, ? - help)
There is a stone staircase leading up here.
You climb upwards.
There is a stone staircase leading down here.
There is a stone staircase leading up here.
You climb upwards.
Level annotation: 1 runed translucent door, Crazy Yiuf
There is a stone staircase leading down here.
You see here a +0 short sword.
You see here a +0 whip.
Crazy Yiuf shouts!
You open the door. Crazy Yiuf attacks as you move away!
Crazy Yiuf hits you with a +3 quarterstaff of chaos.
You resist with some effort. Crazy Yiuf attacks as you move away!
Crazy Yiuf hits you with a +3 quarterstaff of chaos!
You feel your power leaking away.
As you read the scroll of summoning, it crumbles to dust.
Wisps of shadow whirl around you...
Crazy Yiuf hits you with a +3 quarterstaff of chaos!
Ouch! That really hurt!
You die...

#.>.......#
#..)#
##.#...#.#
#.##.##.###
#...#
#.##.##.#
#.##.##.####
... #.##....#
#.##.##....##
#'#
##.####..#
.....##.....#
♣♣.♣ #..#
#..#
##.####....##
♣.♣♣ ####
#..#
##.####.....#
♣♣.♣ #..#
.......##.#.#
♣g♣♣ #..#
.#.###.....>#
♣♣@♣♣
#######..#
.#.# ####.#.#
♣.gb♣♣
#.......)#
.#.# ####.#.#


♣PPbr♣ #######.## .#.###....#.# #....# #.# ##..........###....# #.#
#..##...####.(....# #.# #..###...####..#.##### #.# #.........(..........# #<#
##.###...####...(###.# ##.## You could see Crazy Yiuf (ally target), a friendly
quokka (summoned), a friendly goblin (summoned) and 2 friendly bats.

Vanquished Creatures
  3 dart slugs (D:3)
  An orc (D:4)
  8 bats
  An endoplasm (D:2)
  7 giant cockroaches
  6 goblins
  A hobgoblin (D:1)
  3 jackals (D:1)
  5 kobolds
  2 quokkas
  3 ball pythons
  2 frilled lizards
  6 rats
48 creatures vanquished.

Notes
Turn   | Place    | Note
-------+----------+-------------------------------------------
     0 | D:1      | Ge0ff the Vampire Fighter began the quest for the Orb.
     0 | D:1      | Reached XP level 1. HP: 17/17 MP: 1/1
    37 | D:1      | Reached skill level 1 in Dodging
   115 | D:1      | Reached XP level 2. HP: 17/23 MP: 2/2
   260 | D:1      | Reached skill level 3 in Short Blades
   346 | D:1      | You fall into a shaft and drop 1 floor!
   770 | D:2      | Gained mutation: You are afflicted with vampirism and can
                  | become a bat while bloodless. [Vampire growth]
   770 | D:2      | Reached XP level 3. HP: 28/28 MP: 3/3
  1342 | D:2      | Found a runed translucent door.
  1343 | D:2      | Noticed Crazy Yiuf
  1468 | D:2      | Reached skill level 4 in Short Blades
  1936 | D:3      | Found Zin's Purification Station.
  1951 | D:3      | Bought a potion of curing for 90 gold pieces
  2004 | D:3      | Identified the +4 short sword "Mangyr" {flame, *Slow rC+++
                  | rN+}
  2311 | D:4      | Found a staircase to the Ecumenical Temple.
  2397 | D:2      | Slain by Crazy Yiuf

Illustrated notes

Levels and vault maps discovered:
D:1:      dpeg_arrival_subterranean_lakeside_camping, layout_basic
D:2:      layout_loops_ring, minmay_misc_feat_encased,
          corexii_item_surrounded_by_moat, uniq_crazy_yiuf_cottage
D:3:      layout_loops_ring, zin_purify
D:4:      layout_basic, minmay_temple_entry_slanted

Skill      XL: |  1  2  3 |
---------------+----------+-----
Dodging        | 1 |  1.0
Short Blades   | 3 4 |  4.4
Fighting       | |  2.6
Armour         | |  2.4
Shields        | |  2.7

Action                   || total
-------------------------++-------
Melee: Rapier            ||    46
       Dagger            ||   101
       Bite              ||     6
Throw: Dart              ||     1
       Boomerang         ||     1
 Abil: Bat Form          ||     1
       Exsanguinate      ||     1
       Revivify          ||     1
  Use: Scroll            ||     6
Armor: Scale mail        ||    71
Dodge: Dodged            ||    54
Block: Buckler           ||    34

Table legend: (Time is in decaauts)
 A = Elapsed time spent in this place.
 B = Non-inter-level travel time spent in this place.
 C = Inter-level travel time spent in this place.
 D = Time resting spent in this place.
 E = Time spent auto-exploring this place.
 F = Levels seen in this place.
 G = Mean time per level.
                   A        B        C        D        E       F      G
               +--------+--------+--------+--------+--------+-----+--------+
         Total |   2392 |   2253 |    139 |     47 |   1585 |   4 |  598.0 |
       Dungeon |   2392 |   2253 |    139 |     47 |   1585 |   4 |  598.0 |
               +--------+--------+--------+--------+--------+-----+--------+

Top non-repeatable levels by time:
     D:2: 935 daAuts
     D:1: 707 daAuts
     D:3: 691 daAuts
     D:4: 58 daAuts
